 Dungeon Crawl Stone Soup version 0.18.1-50-g88ac8fd (webtiles) character file.

49 Kokiki the Grave Robber (level 3, -3/24 HPs)
             Began as a Mummy Necromancer on Sept 17, 2016.
             Slain by Sigmund
             ... wielding a +0 scythe
              (11 damage)
             ... on level 2 of the Dungeon.
             The game lasted 00:06:45 (1682 turns).

Kokiki the Grave Robber (Mummy Necromancer)         Turns: 1682, Time: 00:06:46

Health: -3/24      AC:  3    Str: 11    XL:     3   Next: 51%
Magic:  0/7        EV: 12    Int: 15    God:
Gold:   39         SH:  0    Dex: 12    Spells: 3 memorised, 2 levels left

rFire  x . .     SeeInvis .     c - +0 dagger (curse)
rCold  + . .     Gourm    .     a - +0 robe
rNeg   + + +     Faith    .     (no shield)
rPois  ∞         Spirit   .     (no helmet)
rElec  .         Dismiss  .     (no cloak)
rCorr  .         Reflect  .     (no gloves)
SustAt .         Harm     .     f - +0 pair of boots (curse)
MR     .....                    (no amulet)
Stlth  ++........               (no ring)
                                (no ring)

@: not resistant to hostile enchantments, unstealthy
A: no food or potions, fire vulnerability, cold resistance 1, negative energy
resistance 3, torment resistance, unbreathing
a: no special abilities


You were on level 2 of the Dungeon.
You were not hungry.

You visited 1 branch of the dungeon, and saw 2 of its levels.

You collected 39 gold pieces.

Inventory:

Hand Weapons
 c - a cursed +0 dagger (weapon)
 d - a +3 short sword
Armour
 a - a +0 robe (worn)
 f - a cursed +0 pair of boots (worn)
Books
 b - a book of Necromancy

   Spells                             Type                      Level
   a - Pain                           Necromancy                   1
   b - Animate Skeleton               Necromancy                   1
   c - Vampiric Draining              Necromancy                   3
   d - Regeneration                   Charms/Necromancy            3
   e - Animate Dead                   Necromancy                   4
   f - Control Undead                 Necromancy                   4


   Skills:
 + Level 0.1 Short Blades
 + Level 1.7 Dodging
 + Level 1.7 Stealth
 + Level 2.8 Spellcasting
 + Level 4.6 Necromancy


You had 2 spell levels left.
You knew the following spells:

 Your Spells              Type           Power        Failure   Level  Hunger
a - Pain                  Necr           ###.         3%          1    N/A
b - Animate Skeleton      Necr           N/A          3%          1    N/A
c - Vampiric Draining     Necr           ###.......   12%         3    N/A

Dungeon Overview and Level Annotations

Branches:
Dungeon (2/15)

Altars:

Annotations:
D:2 Sigmund


Innate Abilities, Weirdness & Mutations

You do not eat or drink.
Your flesh is vulnerable to fire.
You are immune to poison.
Your flesh is cold resistant.
You are immune to negative energy.
You are immune to unholy pain and torment.
You can survive without breathing.


Message History

Casting: Pain
Confirm with . or Enter, or press ? or * to list all spells.
Aiming: Pain
Press: ? - help, Shift-Dir - straight line, f/p - Sigmund
Aim: Sigmund, wielding a scythe and wearing a robe (almost dead, chance to defeat MR: 80%) Sigmund barely resists.
Sigmund barely misses you.
You hit Sigmund.
Sigmund is almost dead.
You hit Sigmund but do no damage.
Sigmund is almost dead.
Sigmund barely misses you.
You hit Sigmund but do no damage.
Sigmund is almost dead.
Sigmund barely misses you.
You hit Sigmund but do no damage.
Sigmund is almost dead.
You barely miss Sigmund.
Sigmund is almost dead.
Sigmund hits you with a scythe!
You die...

### #.#########################
..# #..........................
#.#####.#########################
#.##..).# #..,,,,,,,,,,*
#.##.#### #.#*********,* #.##.#
#.#,,,,,,,,,,*#### #.##.#
#.#,###########...
#.##.###########)#...........#.##
................@@.......>##.#.#
#....#.####.#.####......#'##'#'##
Z.............#,,,,..#...........
...###.#..#.###,***,.#...........
....##.#..#.# *,# *,,#...........
....##....#.###.#**,,#...........
....####Z.#.....#,,,,............
....# ##Z#.....#.*,,#.#.........
....#####..........,,#.#####...##


You could see Sigmund.

Vanquished Creatures
  An ooze (D:2)
  3 worms (D:2)
  2 dart slugs (D:2)
  3 bats
  5 giant cockroaches
  4 goblins
  A quokka (D:2)
  A giant newt (D:2)
  7 kobolds
  3 rats (D:1)
30 creatures vanquished.

Vanquished Creatures (collateral kills)
  A bat (D:1)
  A giant cockroach (D:1)
  A kobold (D:1)
3 creatures vanquished.

Grand Total: 33 creatures vanquished

Notes
Turn   | Place    | Note
--------------------------------------------------------------
     0 | D:1      | Kokiki the Mummy Necromancer began the quest for the Orb.
     0 | D:1      | Reached XP level 1. HP: 13/13 MP: 3/3
    54 | D:1      | Learned a level 1 spell: Animate Skeleton
   197 | D:1      | Reached XP level 2. HP: 19/19 MP: 0/5
   859 | D:2      | Noticed Sigmund
  1050 | D:2      | Reached XP level 3. HP: 21/24 MP: 0/6
  1061 | D:2      | Learned a level 3 spell: Vampiric Draining
  1682 | D:2      | Slain by Sigmund

Action                   || total
-------------------------++-------
Melee: Dagger            ||    80
 Cast: Pain              ||    58
       Animate Skeleton  ||     9
       Vampiric Draining ||     4
  Use: Scroll            ||     6
 Stab: Distracted        ||     1
Armor: Robe              ||    20
Dodge: Dodged            ||    52
